 Dungeon Crawl Stone Soup version 0.32-a0-938-g40ac7a0f4d (webtiles) character file.

Game seed: 3758397537125056767

274 smashvw the Chopper (level 6, -1/51 HPs)
             Began as a Coglin Berserker on Apr 15, 2024.
             Was a Believer of Trog.
             Slain by a bullfrog (2 damage)
             ... on level 3 of the Dungeon.
             The game lasted 00:06:55 (3446 turns).

smashvw the Chopper (Coglin Berserker)              Turns: 3446, Time: 00:06:56

Health: -1/51      AC:  2    Str: 19    XL:     6   Next: 24%
Magic:  6/6        EV: 11    Int:  7    God:    Trog [**....]
Gold:   155        SH:  0    Dex: 13    Spells: 5/5 levels left

rFire   + . .        a - +0 hand axe {Jin}
rCold   + . .        c - +0 dagger {Simosihle}
rNeg    . . .        b - +0 animal skin
rPois   .            (no helmet)
rElec   .            d - scarf {rC+ rF+}
rCorr   .            (no gloves)
SInv    .            (no boots)
Will    +....        (amulet unavailable)
Stlth   +            (ring unavailable)
HPRegen 0.28/turn    (ring unavailable)
MPRegen 0.10/turn    (no gizmo)

%: no passive effects
@: lethally poisoned (-1 -> -4), enlightened, flying, revved
A: off-hand wielding, slow wielding, warmup strikes, no jewellery
a: Invent Gizmo, Renounce Religion, Berserk, Trog's Hand


You were on level 3 of the Dungeon.
You worshipped Trog.
Trog was pleased with you.
You visited 1 branch of the dungeon, and saw 4 of its levels.

You collected 155 gold pieces.

Inventory:

Hand Weapons
 a - a +0 hand axe (weapon) {Jin}
 c - a +0 dagger (offhand) {Simosihle}
Missiles
 o - a throwing net (quivered)
Armour
 b - a +0 animal skin (worn)
 d - a scarf of resistance (worn)
Scrolls
 e - a scroll of teleportation {unknown}
 f - a scroll of fear {unknown}
 i - 2 scrolls of identify {unknown}
 j - a scroll of poison {unknown}
 k - a scroll of torment {unknown}
 m - a scroll of fog {unknown}
 n - 2 scrolls of vulnerability {unknown}
Potions
 g - a potion of enlightenment
 h - a potion of curing {unknown}
 l - a potion of cancellation {unknown}


   Skills:
 - Level 5.0 Fighting
 + Level 5.3 Axes
 - Level 2.0 Armour
 - Level 2.0 Dodging


You had 5 spell levels left.
You didn't know any spells.
Your spell library was empty.

Dungeon Overview and Level Annotations

Branches:
Dungeon (4/15)
 Temple: D:4-7

Altars:


Innate Abilities, Weirdness & Mutations

You can wield a second weapon in your off-hand.
It takes a long time for you to wield or remove held weapons.
Your first few attacks do less damage.
You cannot equip rings or amulets.


Message History

There is a stone staircase leading down here.
You closely miss the bullfrog with your +0 dagger.
You barely miss the bullfrog with your +0 hand axe.
You hit the adder with your +0 hand axe.
You feel sick. The bullfrog hits you. The adder bites you but does no damage.
The bullfrog hits you.
You hit the adder but do no damage.
The adder is moderately wounded.
You hit the adder with your +0 hand axe.
You hit the bullfrog with your +0 hand axe.
You feel sick. The adder bites you. The bullfrog hits you.
The adder barely misses you.
You are too injured to fight recklessly!
You are too injured to fight recklessly!
You are too injured to fight recklessly!
You miss the adder with your +0 dagger.
The adder is heavily wounded.
You hit the adder with your +0 hand axe.
You hit the bullfrog with your +0 hand axe.
You feel sick. The bullfrog barely misses you. The adder bites you.
* * * LOW HITPOINT WARNING * * *
The bullfrog hits you.
* * * LOW HITPOINT WARNING * * *
You miss the adder with your +0 hand axe.
The adder is severely wounded.
You hit the bullfrog with your +0 hand axe.
You hit the adder with your +0 dagger.
You feel sick.
You are no longer poisoned.
The adder bites you.
* * * LOW HITPOINT WARNING * * *
You are poisoned.
The adder poisons you! The bullfrog hits you!
* * * LOW HITPOINT WARNING * * *
Okay, then.
It was a potion of enlightenment.
You feel very buoyant.
You fly up into the air.
* * * LOW HITPOINT WARNING * * *
You feel sick. The bullfrog hits you.
You die...

#######.#.######.##........#
#.#
#.#........##........###.#
##.###########.....>......#
#...# ###..#.#.##### #...#
#......# ######...####
#.##.### .......#....#
#.##.# ###.........#
#######.##.# #
#.........###S@........#
######...##.....F.=...##.#
.............##.########.#
.#####...##..##.########.#
..# #..........#........#
#.####.####..####.########
#...##.####..####.#
###...............#
#...########.######


You could see a bullfrog and an adder.

Vanquished Creatures
  2 bombardier beetles (D:3)
  Jessica (D:3)
  6 gnolls
  6 adders
  A ribbon worm (D:3)
  An orc (D:3)
  6 bats
  7 endoplasms
  5 giant cockroaches
  5 goblins
  8 hobgoblins
  4 jackals (D:2)
  3 kobolds
  2 quokkas
  6 ball pythons
  7 frilled lizards
  7 rats
77 creatures vanquished.

Notes
Turn   | Place    | Note
-------+----------+-------------------------------------------
     0 | D:1      | smashvw the Coglin Berserker began the quest for the Orb.
     0 | D:1      | Reached XP level 1. HP: 18/18 MP: 1/1
    80 | D:1      | Reached XP level 2. HP: 23/24 MP: 2/2
   366 | D:1      | Reached XP level 3. HP: 29/29 MP: 3/3
   384 | D:1      | Reached ** piety under Trog
  1125 | D:2      | Reached XP level 4. HP: 37/37 MP: 4/4
  1173 | D:2      | Found a faded altar of an unknown god.
  2013 | D:3      | Reached XP level 5. HP: 28/42 MP: 5/5
  2461 | D:3      | Reached XP level 6. HP: 16/50 MP: 6/6
  2619 | D:3      | Noticed Jessica
  2628 | D:3      | Killed Jessica
  2629 | D:3      | Reached skill level 5 in Fighting
  2629 | D:3      | Reached skill level 5 in Axes
  3445 | D:3      | HP: 1/51 [bullfrog (7)]
  3446 | D:3      | Slain by a bullfrog

Illustrated notes

Levels and vault maps discovered:
D:1:      grunt_arrival_crossed_arrows, layout_loops_ring
D:2:      layout_basic, hellmonk_ecumenical_altar_crossroads,
          nicolae_houndstooth_variations
D:3:      layout_loops_ring, mainiacjoe_sewer_entry_somewhere_in_here_2,
          uniq_jessica
D:4:      layout_basic, minmay_misc_feat_columns

Skill      XL: |  1  2  3  4  5  6 |
---------------+-------------------+-----
Dodging        | 2 |  2.0
Armour         | 2 |  2.0
Fighting       | 4 5 |  5.0
Axes           | 4 5 |  5.3

Action                     |  1- 3 |  4- 6 || total
---------------------------+-------+-------++-------
  Melee: Hand axe          |    77 |   120 ||   197
         Dagger            |    64 |   116 ||   180
 Invoke: Berserk           |     1 |     2 ||     3
    Use: Potion            |       |     1 ||     1
   Stab: Sleeping          |     3 |     1 ||     4
 Armour: Animal skin       |    33 |    90 ||   123
  Dodge: Dodged            |    48 |    63 ||   111

Table legend: (Time is in decaauts)
 A = Elapsed time spent in this place.
 B = Non-inter-level travel time spent in this place.
 C = Inter-level travel time spent in this place.
 D = Time resting spent in this place.
 E = Time spent auto-exploring this place.
 F = Levels seen in this place.
 G = Mean time per level.
                   A        B        C        D        E       F      G
               +--------+--------+--------+--------+--------+-----+--------+
         Total |   3505 |   3347 |    158 |    172 |   2613 |   4 |  876.2 |
       Dungeon |   3505 |   3347 |    158 |    172 |   2613 |   4 |  876.2 |
               +--------+--------+--------+--------+--------+-----+--------+

Top non-repeatable levels by time:
     D:3: 1433 daAuts
     D:2: 1265 daAuts
     D:1: 792 daAuts
     D:4: 14 daAuts
